 Dungeon Crawl Stone Soup version 0.23.0 (webtiles) character file.

Game seed: 839158866525682363

102 MalarOregon the Poker (level 4, -1/35 HPs)
             Began as a Merfolk Skald on Feb 17, 2019.
             Killed by nerve-wracking pain
             ... invoked by Jessica
              (11 damage)
             ... on level 3 of the Dungeon.
             The game lasted 00:03:52 (2653 turns).

MalarOregon the Poker (Merfolk Skald)               Turns: 2653, Time: 00:03:52

Health: -1/35      AC:  8    Str: 12    XL:     4   Next: 78%
Magic:  7/7        EV: 12    Int: 12    God:
Gold:   63         SH:  0    Dex: 13    Spells: 0/7 levels left

rFire    . . .     SeeInvis .   a - +0 spear
rCold    . . .     Gourm    .   (no shield)
rNeg     . . .     Faith    .   i - +0 ring mail
rPois    .         Spirit   .   (no helmet)
rElec    .         Reflect  .   (no cloak)
rCorr    .         Harm     .   (no gloves)
MR       .....                  d - +2 pair of boots
Stlth    +.........             (no amulet)
HPRegen  0.11/turn              (no ring)
MPRegen  0.10/turn              (no ring)

@: about to teleport
A: change form in water, swift swim, stealthy swim
a: no special abilities


You were on level 3 of the Dungeon.
You were not hungry.

You visited 1 branch of the dungeon, and saw 3 of its levels.

You collected 63 gold pieces.

Inventory:

Hand Weapons
 a - a +0 spear (weapon)
Armour
 d - a +2 pair of boots (worn)
   (You found it on level 1 of the Dungeon)
 i - a +0 ring mail (worn)
   (You took it off an orc on level 2 of the Dungeon)
Jewellery
 h - a cursed ring of teleportation {unknown}
   (You found it on level 2 of the Dungeon)
Wands
 l - a wand of clouds (7)
   (You took it off Ijyb on level 3 of the Dungeon)
Scrolls
 b - a scroll of amnesia {unknown}
 j - a scroll of fog {unknown}
 k - 2 scrolls of identify {@r1}
 n - a scroll of remove curse {unknown}
Potions
 c - a potion of heal wounds {unknown}
 g - a potion of haste {@q3}
Comestibles
 e - 5 rations {!d}
 m - a chunk of flesh


   Skills:
 * Level 3.1 Fighting
 * Level 4.1 Polearms
 + Level 1.1 Armour
 * Level 3.8 Dodging
 + Level 2.2 Spellcasting
 + Level 3.8 Charms


You couldn't memorise any spells.
You knew the following spells:

 Your Spells              Type           Power        Failure   Level  Hunger
a - Infusion              Chrm           ##..         13%         1    ##.....
e - Regeneration          Chrm/Necr      #.........   63%         3    ####...
t - Spectral Weapon       Hex/Chrm       #.......     63%         3    ####...

Your spell library contained the following spells:

 Spells                   Type           Power        Failure   Level  Hunger
 Song of Slaying          Chrm           ##......     19%         2    ###....
 Shroud of Golubria       Chrm/Tloc      #.........   38%         2    ###....


Dungeon Overview and Level Annotations

Branches:
Dungeon (3/15)

Altars:
Ashenzari
Dithmenos
Wu Jian

Annotations:
D:3 Jessica, Robin


Message History

The goblin hits you but does no damage. The goblin hits you.
Robin closely misses you. The goblin misses you.
You hit the hobgoblin. The goblin hits you but does no damage.
The hobgoblin closely misses you. The goblin hits you but does no damage.
The goblin barely misses you. Robin closely misses you.
The goblin closely misses you.
You hit the hobgoblin. The hobgoblin hits you. The goblin hits you.
The goblin barely misses you. The goblin closely misses you.
Robin barely misses you. The goblin hits you but does no damage.
You hit the hobgoblin but do no damage. The goblin closely misses you.
The hobgoblin closely misses you.
Jessica the Apprentice Sorceress comes into view.
She is wielding a +0 club and wearing a +2 robe of magic resistance.
The goblin barely misses you. The goblin misses you.
As you read the scroll of teleportation {@r4}, it crumbles to dust.
You feel strangely unstable. Robin closely misses you.
The goblin hits you but does no damage. The hobgoblin closely misses you.
The goblin barely misses you. The goblin hits you but does no damage.
The goblin barely misses you.
Unknown command.
You hit the hobgoblin.
You kill the hobgoblin!
Robin says, "Bow before me, strongest of all the hobgoblins!"
Robin misses you. The goblin closely misses you. The goblin hits you.
The goblin misses you. The goblin hits you.
You hit the goblin. Robin throws the goblin at you!
The goblin closely misses you. The goblin hits you but does no damage.
The goblin barely misses you. The goblin closely misses you.
You closely miss the goblin. The goblin barely misses you.
Robin hits you but does no damage. The goblin hits you but does no damage.
The goblin misses you.
Jessica gestures wildly.
The goblin closely misses you.
Unknown command.
You closely miss the goblin. The goblin misses you. The goblin hits you.
* * * LOW HITPOINT WARNING * * *
Robin misses you. The goblin hits you with a +0 club.
* * * LOW HITPOINT WARNING * * *
The goblin closely misses you. The goblin hits you but does no damage.
Unknown command.
You closely miss the goblin.
Your surroundings seem slightly different.
The goblin barely misses you. The goblin hits you.
* * * LOW HITPOINT WARNING * * *
Unknown command.
As you read the scroll of teleportation {@r4}, it crumbles to dust.
You feel strangely unstable. The goblin misses you. The goblin hits you.
* * * LOW HITPOINT WARNING * * *
Jessica points at you and mumbles some strange words.
Pain shoots through your body!
You die...

... ... .... #
..... .#
.....#####g####
...!...gggg...#
......@.ggg...#
..##.g@gg....#
######.#### .#
.# #


You could see Robin, Jessica, a hobgoblin and 9 goblins.

Vanquished Creatures
  Ijyb (D:3)
  An ooze (D:1)
  2 worms
  2 dart slugs
  2 leopard geckos (D:1)
  5 orcs
  3 bats
  7 giant cockroaches
  4 goblins
  6 hobgoblins
  7 jackals (D:2)
  2 frilled lizards (D:2)
  4 kobolds
  5 rats
51 creatures vanquished.

Notes
Turn   | Place    | Note
-------+----------+-------------------------------------------
     0 | D:1      | MalarOregon the Merfolk Skald began the quest for the Orb.
     0 | D:1      | Reached XP level 1. HP: 16/16 MP: 3/3
    23 | D:1      | Reached XP level 2. HP: 18/23 MP: 5/5
   434 | D:1      | Reached XP level 3. HP: 28/28 MP: 6/6
  1629 | D:2      | Found a shadowy altar of Dithmenos.
  1664 | D:2      | Reached skill level 1 in Armour
  1784 | D:2      | Found a shattered altar of Ashenzari.
  1847 | D:2      | Reached XP level 4. HP: 9/34 MP: 7/7
  2391 | D:2      | Learned a level 3 spell: Regeneration
  2395 | D:2      | Learned a level 3 spell: Spectral Weapon
  2482 | D:3      | Found an ornate altar of the Wu Jian Council.
  2499 | D:3      | Noticed Ijyb
  2565 | D:3      | Killed Ijyb
  2565 | D:3      | Reached skill level 4 in Polearms
  2641 | D:3      | Noticed Robin
  2646 | D:3      | Noticed Jessica
  2653 | D:3      | Killed from afar by Jessica

Skill      XL: |  1  2  3  4 |
---------------+-------------+-----
Dodging        | 3 |  3.8
Armour         | 1 |  1.1
Fighting       | 3 |  3.1
Polearms       | 4 |  4.1
Spellcasting   | |  2.2
Charms         | |  3.8

Action                   |  1- 3 |  4- 6 || total
-------------------------+-------+-------++-------
Melee: Spear             |   210 |    88 ||   298
  Use: Scroll            |     2 |     2 ||     4
 Stab: Sleeping          |     1 |       ||     1
  Eat: Chunk             |     3 |     3 ||     6
Armor: Leather armour    |    29 |       ||    29
       Ring mail         |    25 |    31 ||    56
Dodge: Dodged            |   114 |    71 ||   185
